 Dungeon Crawl Stone Soup version 0.26-a0-712-ga5a9c9c9d0 (webtiles) character file.

Game seed: 3277627080099570669

117 Azzok the Skirmisher (level 4, 0/39 HPs)
             Began as a Demonspawn Fighter on Nov 3, 2020.
             Slain by an orc priest
             ... wielding a +0 war axe
              (5 damage)
             ... on level 2 of the Dungeon.
             The game lasted 00:01:14 (1305 turns).

Azzok the Skirmisher (Demonspawn Fighter)           Turns: 1305, Time: 00:01:15

Health: 0/39       AC:  8    Str: 17    XL:     4   Next: 71%
Magic:  4/4        EV:  4    Int:  9    God:
Gold:   29         SH:  8    Dex: 13    Spells: 3/3 levels left

rFire    . . .     SeeInvis .   a - +0 war axe
rCold    . . .     Faith    .   c - +0 kite shield
rNeg     . . .     Spirit   .   k - +0 chain mail
rPois    .         Reflect  .   (no helmet)
rElec    .         Harm     .   (no cloak)
rCorr    .         Rampage  .   (no gloves)
MR       .....                  (no boots)
Stlth    ..........             (no amulet)
HPRegen  0.13/turn              (no ring)
MPRegen  0.09/turn              (no ring)

@: no status effects
A: hooves 2
a: no special abilities


You were on level 2 of the Dungeon.
You visited 1 branch of the dungeon, and saw 2 of its levels.

You collected 29 gold pieces.

Inventory:

Hand Weapons
 a - a +0 war axe (weapon)
Armour
 c - a +0 kite shield (worn)
 k - a +0 chain mail (worn)
Scrolls
 e - a scroll of noise {unknown}
 g - 3 scrolls of teleportation {unknown}
 h - 2 scrolls of blinking {unknown}
 i - a scroll of enchant armour {unknown}
 n - a scroll of identify {unknown}
 p - a scroll of amnesia {unknown}
Potions
 b - a potion of flight {unknown}
 d - a potion of might
 f - a potion of magic {unknown}
 j - a potion of haste {unknown}
 l - a potion of resistance {unknown}
 m - a potion of berserk rage {unknown}
 o - 3 potions of curing {unknown}


   Skills:
 + Level 5.5 Fighting
 - Level 1.7 Axes
 - Level 2.6 Armour
 - Level 2.6 Shields


You had 3 spell levels left.
You didn't know any spells.
Your spell library was empty.

Dungeon Overview and Level Annotations

Branches:
Dungeon (2/15)

Altars:


Innate Abilities, Weirdness & Mutations

You have hoof-like feet.


Message History

The orc hits you but does no damage.
The orc priest hits you but does no damage.
The orc hits you but does no damage.
You hit the orc. You kick the orc.
You kill the orc!
You slash the orc priest!
The orc priest hits you but does no damage. x3
You closely miss the orc priest. You hit the orc priest.
The orc priest hits you with a +0 short sword.
The orc priest mumbles some strange prayers to Beogh against you.
Beogh smites you!
* * * LOW HITPOINT WARNING * * *
You hit the orc priest.
The orc priest is moderately wounded.
You hit the orc priest.
You kill the orc priest!
You closely miss the orc. Your kick misses the orc.
You completely miss the orc priest.
The orc priest hits you with a +0 war axe.
You die...

·▒ ▒······▒▒▒▒▒▒▒▒▒▒▒·▒ ·▒
▒▒▒·····▒ ▒·▒ ·▒ ▒▒···▒▒ ▒·▒ ·▒
▒▒·▒▒ ▒·▒ ·▒ ▒·▒ ▒·▒ ·▒▒ ▒·▒ ▒·▒
·(▒ ▒▒╬▒▒ ▒·▒ ▒(▒
▒▒···▒▒▒▒▒▒▒▒▒▒▒·▒ ▒(▒▒▒▒▒
▒▒····o@··········▒ ····)·▒
▒▒·····o▒▒▒▒▒▒▒▒▒··▒
▒(····▒▒▒········o·o···▒▒▒·▒▒▒▒▒▒
▒·······'······o·8···8·o▒▒·······
▒·)>··▒▒▒···········o···o▒··▒▒▒▒▒
▒▒▒·▒·▒ ▒▒·············oo▒··▒
▒▒▒·▒ ▒▒·············o▒·▒▒ ▒·▒
▒▒·····8···8··▒▒·▒ ··▒
▒▒╬▒········▒▒▒·▒


You could see 2 orc priests and an orc.

Vanquished Creatures
  An orc priest (D:2)
  A gnoll (D:1)
  An adder (D:2)
  2 oozes (D:1)
  2 worms (D:2)
  2 dart slugs
  An orc (D:2)
  A giant cockroach (D:1)
  3 hobgoblins (D:1)
  7 jackals (D:1)
  8 kobolds
  6 bats (D:1)
  4 frilled lizards
  7 goblins
  5 rats (D:1)
51 creatures vanquished.

Notes
Turn   | Place    | Note
-------+----------+-------------------------------------------
     0 | D:1      | Azzok the Demonspawn Fighter began the quest for the Orb.
     0 | D:1      | Reached XP level 1. HP: 18/18 MP: 1/1
   134 | D:1      | Gained mutation: You have large cloven feet. [demonic
                  | ancestry]
   134 | D:1      | Reached XP level 2. HP: 23/24 MP: 2/2
   320 | D:1      | Reached skill level 4 in Fighting
   341 | D:1      | Gained mutation: You have hoof-like feet. [demonic
                  | ancestry]
   341 | D:1      | Reached XP level 3. HP: 29/30 MP: 3/3
   762 | D:2      | Reached skill level 5 in Fighting
   762 | D:2      | Reached XP level 4. HP: 35/39 MP: 4/4
  1305 | D:2      | Slain by an orc priest

Illustrated notes

Levels and vault maps discovered:
D:1:      lemuel_arrival_muddy, layout_basic
D:2:      cheibrodos_pilgrimage, layout_loops_corners, marbit_many_paths

Skill      XL: |  1  2  3 |
---------------+----------+-----
Fighting       | 4 5 |  5.5
Axes           | |  1.7
Armour         | |  2.6
Shields        | |  2.6

Action                   |  1- 3 |  4- 6 || total
-------------------------+-------+-------++-------
Melee: War axe           |   110 |    29 ||   139
       Kick              |    13 |     6 ||    19
Armor: Scale mail        |    69 |     1 ||    70
       Chain mail        |       |    17 ||    17
Dodge: Dodged            |    34 |     3 ||    37
Block: Kite shield       |    73 |    10 ||    83

Table legend: (Time is in decaauts)
 A = Elapsed time spent in this place.
 B = Non-inter-level travel time spent in this place.
 C = Inter-level travel time spent in this place.
 D = Time resting spent in this place.
 E = Time spent auto-exploring this place.
 F = Levels seen in this place.
 G = Mean time per level.
                   A        B        C        D        E       F      G
               +--------+--------+--------+--------+--------+-----+--------+
         Total |   1374 |   1359 |     15 |      0 |   1007 |   2 |  687.0 |
       Dungeon |   1374 |   1359 |     15 |      0 |   1007 |   2 |  687.0 |
               +--------+--------+--------+--------+--------+-----+--------+

Top non-repeatable levels by time:
     D:1: 725 daAuts
     D:2: 648 daAuts
